 Dungeon Crawl Stone Soup version 0.18-a0-833-gaaf0859 (webtiles) character file.

113 Greivious the Shield-Bearer (level 4, -1/42 HPs)
             Began as a Deep Dwarf Fighter on Dec 17, 2015.
             Slain by a crimson imp (2 damage)
             ... on level 4 of the Dungeon.
             The game lasted 00:14:35 (2140 turns).

Greivious the Shield-Bearer (Deep Dwarf Fighter)    Turns: 2140, Time: 00:14:35

Health: -1/42      AC:  5    Str: 20    XL:     4   Next: 65%
Magic:  1/1        EV:  9    Int:  9    God:
Gold:   95         SH:  9    Dex: 12    Spells: 0 memorised, 3 levels left

rFire  . . .     SeeInvis .     w - +0 hand axe (antimagic)
rCold  . . .     Gourm    .     u - +0 ring mail
rNeg   . . .     Faith    .     c - +0 shield
rPois  .         Spirit   .     (no helmet)
rElec  .         Dismiss  .     (no cloak)
rCorr  .         Reflect  .     (no gloves)
SustAt .         Harm     .     (no boots)
MR     .....     Rnd*Tele +     (no amulet)
Stlth  +.........               n - ring of flight
                                m - ring of teleportation (curse)

@: non-regenerating, not resistant to hostile enchantments, very unstealthy
A: damage resistance, recharge devices, sense surroundings 1, slow regeneration
3
a: Device Recharging, Evoke Flight, Evoke Teleportation


You were on level 4 of the Dungeon.
You were full.

You visited 1 branch of the dungeon, and saw 4 of its levels.

You collected 95 gold pieces.

Inventory:

Hand Weapons
 a - a +0 trident
 k - a +0 spear
 w - a +0 antimagic hand axe (weapon)
Missiles
 i - 23 stones (quivered)
Armour
 b - a +0 scale mail
 c - a +0 shield (worn)
 f - a +0 robe
 u - a +0 ring mail (worn)
Jewellery
 m - a cursed ring of teleportation (left hand)
 n - a ring of flight (right hand)
Wands
 e - a wand of heal wounds (5)
Scrolls
 j - 2 scrolls of noise {unknown}
 l - 4 scrolls of amnesia {unknown}
 q - 2 scrolls of immolation {unknown}
 s - a scroll of teleportation {unknown}
 t - a scroll of remove curse {unknown}
Potions
 d - 2 potions of might
 h - a potion of beneficial mutation {unknown}
 p - a potion of invisibility {unknown}
 r - 2 potions of lignification {unknown}
Comestibles
 g - 2 bread rations
 o - 2 meat rations


   Skills:
 + Level 3.1 Fighting
 + Level 0.9(1.6) Axes
 + Level 1.7(1.9) Polearms
 + Level 4.0 Armour
 + Level 2.3 Dodging
 + Level 4.2 Shields


You had 3 spell levels left.
You didn't know any spells.

Dungeon Overview and Level Annotations

Branches:
Dungeon (4/15)
 Temple: D:4-7

Altars:
Elyvilon
Xom


Innate Abilities, Weirdness & Mutations

You are resistant to damage.
You can recharge devices by infusing magical energy.
You passively map a small area around you.
You do not regenerate naturally.


Message History

You block the crimson imp's attack.
Your shield and ring mail prevent you from hitting the crimson imp.
The crimson imp blinks!
You hit the crimson imp but do no damage.
The crimson imp blinks!
You see here 17 sling bullets.
You block the crimson imp's attack.
You hit the crimson imp but do no damage.
You block the crimson imp's attack. x2
You miss the crimson imp.
The crimson imp hits you but does no damage.
You hit the crimson imp.
The crimson imp's magic leaks into the air.
The crimson imp is lightly wounded.
The crimson imp closely misses you.
You hit the crimson imp.
The crimson imp's magic leaks into the air.
The crimson imp is moderately wounded.
The crimson imp hits you.
You die...

### * * ** #..,,
, #.### ####
#... #... ####
##..# ≈.≈≈. #..
... * * #≈.###.#
***#.# ,
∩+....#.######.#
+* #......5@.(#
*,* ≈
###.#####..# , ,
#.# #..... , ,*
#5# ##.###.# **
#.# #.#* , *
###.# #.. ,, **
#.†.# #### **
#.### #.# * * *


You could see a crimson imp.

Vanquished Creatures
  A hound (D:4)
  A worker ant (D:4)
  2 adders
  A worm (D:2)
  2 giant geckos (D:2)
  5 bats
  2 giant cockroaches (D:2)
  7 goblins
  3 hobgoblins (D:2)
  4 jackals (D:2)
  7 kobolds
  A giant newt (D:2)
  6 rats
42 creatures vanquished.

Notes
Turn   | Place    | Note
--------------------------------------------------------------
     0 | D:1      | Greivious the Deep Dwarf Fighter began the quest for the Orb.
     0 | D:1      | Reached XP level 1. HP: 20/20 MP: 1/1
   282 | D:1      | Reached XP level 2. HP: 18/27 MP: 2/2
   499 | D:2      | Found a shimmering altar of Xom.
   695 | D:2      | Reached XP level 3. HP: 14/33 MP: 1/3
   722 | D:2      | Reached skill level 1 in Dodging
   742 | D:2      | Found a white marble altar of Elyvilon.
  1230 | D:2      | Reached skill level 4 in Shields
  1869 | D:4      | Reached XP level 4. HP: 18/42 MP: 1/4
  2092 | D:4      | HP: 2/42 [crimson imp (2)]
  2116 | D:4      | HP: 1/42 [crimson imp (1)]
  2140 | D:4      | Slain by a crimson imp

Vault maps used:
D:1:      dpeg_arrival_tiny_k, st_stairs_5
D:2:      old_standard_altar, first_bread, st_stairs_1,
          kennysheep_decorative_pillar, xom_teletrap_fun
D:3:      ecumenical_altar_2
D:4:      nicolae_ru_the_path_less_chosen, nicolae_overflow_hidden_temple,
          serial_shops, kennysheep_mini_moat

Action                   |  1- 3 |  4- 6 || total
-------------------------+-------+-------++-------
Melee: Trident           |    65 |       ||    65
       Hand axe          |    95 |    54 ||   149
  Use: Potion            |     1 |       ||     1
  Eat: Bread ration      |     1 |       ||     1
       Meat ration       |     1 |       ||     1
